 Dungeon Crawl Stone Soup version 0.18.1-8-gdd0e5ea (webtiles) character file.

40 Marenglen the Vexing (level 3, -4/32 HPs)
             Began as a Troll Arcane Marksman on May 23, 2016.
             Slain by a goblin
             ... wielding a +0 club
             ... led by Robin
              (8 damage)
             ... on level 2 of the Dungeon.
             The game lasted 00:02:21 (954 turns).

Marenglen the Vexing (Troll Arcane Marksman)         Turns: 954, Time: 00:02:22

Health: -4/32      AC:  3    Str: 19    XL:     3   Next: 30%
Magic:  3/3        EV:  9    Int:  9    God:
Gold:   76         SH:  0    Dex: 10    Spells: 1 memorised, 3 levels left

rFire  + . .     SeeInvis .     h - +0 mace
rCold  . . .     Gourm    +     (armour restricted)
rNeg   . . .     Faith    .     (no shield)
rPois  .         Spirit   .     (helmet restricted)
rElec  .         Dismiss  .     (no cloak)
rCorr  .         Reflect  .     (gloves unavailable)
SustAt .         Harm     .     (boots unavailable)
MR     .....                    (no amulet)
Stlth  +.........               (no ring)
                                g - ring of protection from fire

@: not resistant to hostile enchantments, very unstealthy
A: unfitting armour, claws 3, fast metabolism 3, gourmand, regeneration 2,
shaggy fur 1, tough skin 2
a: no special abilities


You were on level 2 of the Dungeon.
You were very full.

You visited 1 branch of the dungeon, and saw 2 of its levels.

You collected 76 gold pieces.

Inventory:

Hand Weapons
 h - a +0 mace (weapon)
Missiles
 a - 11 poisoned needles
 c - 4 large rocks (quivered)
 d - 2 throwing nets
Jewellery
 g - a ring of protection from fire (left claw)
Books
 b - a book of Debilitation

   Spells                             Type                      Level
   a - Corona                         Hexes                        1
   b - Slow                           Hexes                        2
   c - Gell's Gravitas                Hexes/Translocation          3
   d - Inner Flame                    Hexes/Fire                   3
   e - Cause Fear                     Hexes                        4
   f - Leda's Liquefaction            Hexes/Earth                  4
Comestibles
 f - 2 bread rations


   Skills:
 - Level 0.7 Fighting
 * Level 1.3 Maces & Flails
 - Level 1.7 Throwing
 - Level 1.5 Dodging
 - Level 1.0 Spellcasting
 + Level 2.7 Hexes


You had 3 spell levels left.
You knew the following spells:

 Your Spells              Type           Power        Failure   Level  Hunger
a - Corona                Hex            #......      14%         1    ##.....


Dungeon Overview and Level Annotations

Branches:
Dungeon (2/15)

Altars:

Annotations:
D:2 Robin


Innate Abilities, Weirdness & Mutations

You are too large for most types of armour.
You have claws for hands.
Your metabolism is lightning-fast.
You like to eat raw meat.
You heal very quickly.
You are covered in fur (AC +1).
You have very tough skin (AC +2).


Message History

The goblin hits you.
You are too injured to fight recklessly!
You sock the goblin!
You kill the goblin!
The goblin closely misses you. Robin throws the goblin at you!
The goblin hits you but does no damage.
You barely miss the goblin.
The goblin no longer looks unusually strong.
The goblin barely misses you. The goblin hits you with a club.
You barely miss the goblin. The goblin closely misses you.
The goblin hits you with a club. x2; The hobgoblin hits you.
* * * LOW HITPOINT WARNING * * *
You closely miss the goblin.
The hobgoblin no longer looks unusually strong.
Robin roars a battlecry!
The goblins go into a battle-frenzy!
The goblin hits you but does no damage. The hobgoblin hits you.
* * * LOW HITPOINT WARNING * * *
The goblin hits you with a club!
You die...

... ..# #.# ###### #.# #.#
#..... ... #.# #.#..# #.###
#.# #.#..# ....# # #.#
#.#..####.#.#.#
##.##.###.#.......#.#.#
#.......#.#.#######.#.########
#####.#<....g@ggg...#..gg.g...
#...#.###g#####>.g########
#####)# #.# #.#.# #.# #.#
#.#.# #.# #.# #.#(# #.# #.#
#.#.# #.# #.# #.#.# #.# #.#
#.#.# ... #.#(#


You could see Robin, 2 hobgoblins and 2 goblins.

Vanquished Creatures
  3 dart slugs (D:1)
  3 giant geckos (D:1)
  A ball python (D:2)
  A giant cockroach (D:1)
  8 goblins
  2 hobgoblins (D:1)
  2 giant newts (D:1)
  5 kobolds (D:1)
  5 rats (D:1)
30 creatures vanquished.

Notes
Turn   | Place    | Note
--------------------------------------------------------------
     0 | D:1      | Marenglen the Troll Arcane Marksman began the quest for the Orb.
     0 | D:1      | Reached XP level 1. HP: 18/18 MP: 1/1
   121 | D:1      | Reached XP level 2. HP: 21/26 MP: 2/2
   659 | D:1      | Reached XP level 3. HP: 32/32 MP: 3/3
   668 | D:1      | Reached skill level 1 in Maces & Flails
   920 | D:2      | Noticed Robin
   954 | D:2      | Slain by a goblin

Skill      XL: |  1  2  3 |
---------------+----------+-----
Maces & Flails | 1 |  1.3
Fighting       | |  0.7
Throwing       | |  1.7
Dodging        | |  1.5
Spellcasting   | |  1.0
Hexes          | |  2.7

Action                   || total
-------------------------++-------
Melee: Unarmed           ||    43
       Club              ||    73
       Mace              ||    15
Throw: Large rock        ||     1
  Use: Scroll            ||     5
 Stab: Sleeping          ||     2
  Eat: Chunk             ||    13
Armor: Skin              ||    30
Dodge: Dodged            ||    49
